 Dungeon Sprint DCSS version 0.22-a0-874-g9cf2c4c (webtiles) character file.

548 Brynnhild the Carver (level 7, 47/70 HPs)
             Began as a White Draconian Monk on July 28, 2018.
             Was an Elder of Cheibriados.
             Quit the game in the Dungeon (Sprint IX: "|||||||||||||||||||||||||||||").
             The game lasted 00:01:26 (350 turns).

Brynnhild the Carver (White Draconian Monk)          Turns: 350, Time: 00:01:26

Health: 47/70      AC:  8    Str: 25    XL:     7   Next: 7%
Magic:  11/11      EV: 20    Int: 22    God:    Cheibriados [****..]
Gold:   0          SH:  0    Dex: 25    Spells: 6/6 levels left

rFire    . . .     SeeInvis .   l - +2 scimitar (holy)
rCold    + . .     Gourm    .   (no shield)
rNeg     . . .     Faith    .   (armour unavailable)
rPois    .         Spirit   .   (helmet restricted)
rElec    .         Reflect  .   n - +0 cloak
rCorr    .         Harm     .   m - +0 pair of gloves
MR       .....     NoTele   +   (no boots)
Stlth    +++.......             (no amulet)
HPRegen  0.21/turn              p - +3 ring of strength
MPRegen  0.12/turn              o - +3 ring of intelligence

@: very slow
A: breathe frost, unfitting armour, cold resistance 1, cold-blooded, AC +6
a: Breathe Frost, Bend Time, Temporal Distortion, Slouch, Renounce Religion


You were in the Dungeon.
You worshipped Cheibriados.
Cheibriados was greatly pleased with you.
You were not hungry.

You visited 1 branch

Inventory:

Hand Weapons
 a - a +0 falchion
 l - a +2 scimitar of holy wrath (weapon)
Armour
 m - a +0 pair of gloves (worn)
 n - a +0 cloak (worn)
Jewellery
 o - a +3 ring of intelligence (right hand)
 p - a +3 ring of strength (left hand)
Wands
 k - a wand of acid (8)
Scrolls
 h - 2 scrolls of blinking
 i - 3 scrolls of remove curse
 j - 2 scrolls of amnesia
Potions
 c - 5 potions of curing
 d - 3 potions of heal wounds
 e - a potion of haste
 f - 4 potions of magic
 g - a potion of invisibility
Comestibles
 b - a ration


   Skills:
 + Level 9.0 Fighting
 + Level 9.4 Long Blades
 + Level 7.9 Dodging
 - Level 1.7 Stealth
 * Level 5.8 Invocations


You had 6 spell levels left.
You didn't know any spells.
Your spell library was empty.

Dungeon Overview and Level Annotations

Branches:
Dungeon (1/1)

Altars:
Cheibriados
Dithmenos
Elyvilon
Fedhas
Gozag
Hepliaklqana
Kikubaaqudgha
Makhleb
Nemelex Xobeh
Okawaru
Qazlal
Ru
Sif Muna
Trog
Uskayaw
Vehumet
Wu Jian
Xom
Yredelemnul
Zin
The Shining One
Beogh
Jiyva
Lugonu


Innate Abilities, Weirdness & Mutations

You can breathe waves of freezing cold.
You can buffet flying creatures when you breathe cold.
Your icy white scales are hard. (AC +6)
You cannot fit into any form of body armour.
Your flesh is cold resistant. (rC+)
You are cold-blooded and may be slowed by cold attacks.


Message History

The deep elf mage gestures at you while chanting.
The bolt of lightning misses you.
You closely miss the deep elf mage. You tail-slap the deep elf mage.
The deep elf mage is heavily wounded.
The deep elf mage hits you but does no damage.
You hit the deep elf mage.
Your tail-slap misses the deep elf mage.
The deep elf mage is heavily wounded.
You hit the deep elf mage.
The deep elf mage is severely wounded.
The deep elf mage hits you with a long sword.
You closely miss the deep elf mage.
The deep elf mage is severely wounded.
The deep elf mage hits you with a long sword.
You slash the deep elf mage!
The deep elf mage is almost dead.
The deep elf mage casts a spell at you. The bolt of lightning hits you!
Unknown command.
Are you sure you want to abandon this character and quit the game? (Confirm with "yes".)

▓+▓
▓.▓
▓o▓
▓c▓
▓o▓
▓e▓
▓@▓
▓'▓
▓.▓
▓.▓
▓.▓
▓.▓
▓.▓
▓†▓
▓'▓


You could see a deep elf mage, 2 orc warriors and a centaur.

Vanquished Creatures
  A hippogriff (D)
  An eye of draining (D)
  A big kobold (D)
  A crimson imp (D)
  A quasit (D)
  A jelly (D)
  An orc wizard (D)
  2 iguanas (D)
  A worker ant (D)
  A shadow imp (D)
  A leopard gecko (D)
  A bat skeleton (D)
  A goblin (D)
  A kobold (D)
  A quokka (D)
  A bat (D)
  A rat (D)
18 creatures vanquished.

Notes
Turn   | Place    | Note
-------+----------+-------------------------------------------
     0 | D        | Brynnhild the Draconian Monk began the quest for the Orb.
     0 | D        | Reached XP level 1. HP: 19/19 MP: 1/1
    70 | D        | Noticed an iguana
    70 | D        | Noticed an orc wizard
    70 | D        | Noticed a crimson imp
    81 | D        | Killed an orc wizard
    81 | D        | Reached skill level 5 in Fighting
    81 | D        | Reached XP level 2. HP: 28/29 MP: 2/2
    81 | D        | Reached XP level 3. HP: 36/36 MP: 3/3
    84 | D        | Reached skill level 5 in Long Blades
    88 | D        | Reached XP level 4. HP: 40/44 MP: 4/4
   100 | D        | Reached skill level 5 in Dodging
   105 | D        | Found a roughly hewn altar of Beogh.
   105 | D        | Found a snail-covered altar of Cheibriados.
   105 | D        | Found a shadowy altar of Dithmenos.
   105 | D        | Found a white marble altar of Elyvilon.
   105 | D        | Found a blossoming altar of Fedhas.
   105 | D        | Found an opulent altar of Gozag.
   106 | D        | Found a hazy altar of Hepliaklqana.
   107 | D        | Found a viscous altar of Jiyva.
   108 | D        | Found an ancient bone altar of Kikubaaqudgha.
   109 | D        | Found a corrupted altar of Lugonu.
   111 | D        | Became a worshipper of Cheibriados the Contemplative
   111 | D        | Reached * piety under Cheibriados
   111 | D        | Reached ** piety under Cheibriados
   124 | D        | Found a burning altar of Makhleb.
   125 | D        | Found a sparkling altar of Nemelex Xobeh.
   126 | D        | Found an iron altar of Okawaru.
   127 | D        | Found a stormy altar of Qazlal.
   128 | D        | Found a sacrificial altar of Ru.
   129 | D        | Found a deep blue altar of Sif Muna.
   130 | D        | Found a bloodstained altar of Trog.
   131 | D        | Found a hide-covered altar of Uskayaw.
   132 | D        | Found a radiant altar of Vehumet.
   133 | D        | Found an ornate altar of the Wu Jian Council.
   134 | D        | Found a shimmering altar of Xom.
   135 | D        | Found a basalt altar of Yredelemnul.
   136 | D        | Found a glowing silver altar of Zin.
   137 | D        | Found a glowing golden altar of the Shining One.
   224 | D        | Noticed an eye of draining
   224 | D        | Noticed a hippogriff
   224 | D        | Noticed a big kobold
   228 | D        | Reached skill level 1 in Invocations
   228 | D        | Reached XP level 5. HP: 49/51 MP: 0/6
   237 | D        | Killed a hippogriff
   237 | D        | Reached *** piety under Cheibriados
   237 | D        | Reached skill level 5 in Invocations
   237 | D        | Reached XP level 6. HP: 50/62 MP: 0/9
   339 | D        | Noticed an orc warrior
   339 | D        | Noticed an orc warrior
   339 | D        | Noticed a deep elf mage
   341 | D        | Your scales start taking on an icy white colour.
   341 | D        | Reached XP level 7. HP: 70/70 MP: 11/11
   341 | D        | Gained mutation: Your flesh is cold resistant. (rC+) [White Draconian growth]
   342 | D        | Reached **** piety under Cheibriados
   350 | D        | Quit the game

Vault maps used:
D:        linesprint

Skill      XL: |  1  2  3  4  5  6 |
---------------+-------------------+-----
Dodging        | 4 5 7 |  7.9
Fighting       | 5 6 8 9 |  9.0
Long Blades    | 4 5 6 8 9 |  9.4
Invocations    | 1 5 |  5.8
Stealth        | |  1.7

Action                   |  1- 3 |  4- 6 |  7- 9 || total
-------------------------+-------+-------+-------++-------
Melee: Falchion          |    31 |     9 |       ||    40
       Tailslap          |     3 |     6 |     2 ||    11
       Scimitar          |       |    21 |     7 ||    28
Evoke: Wand              |       |     2 |       ||     2
  Use: Potion            |     1 |       |       ||     1
 Stab: Sleeping          |       |     1 |       ||     1
Armor: Skin              |    11 |     4 |       ||    15
Dodge: Dodged            |    16 |    22 |     2 ||    40
       Rpst.: Falchion   |     5 |     3 |       ||     8
       Scimitar          |       |     2 |     1 ||     3

Table legend:
 A = Spawn XP
 B = Non-spawn XP
 C = Spawn XP percentage of total XP
 D = Spawn monster count
 E = Non-spawn monster count
 F = Spawn count percentage of total count
 G = Total turns spent on level
                    A         B        C        D         E        F      G
               +---------+---------+-------+---------+---------+-------+---------
         Total |       0 |     784 |   0.0 |       0 |      18 |   0.0 |   350
               +---------+---------+-------+---------+---------+-------+---------
             D |       0 |     784 |   0.0 |       0 |      18 |   0.0 |   350
               +---------+---------+-------+---------+---------+-------+---------
